 Dungeon Crawl Stone Soup version 0.29.0-4-gdea44cf6ec (webtiles) character file.

Game seed: 8480542813400082566

14469 Flugkiller the Cleaver (level 11, -4/102 HPs)
             Began as a Minotaur Fighter on Aug 27, 2022.
             Was an Initiate of Gozag.
             Slain by a 12-headed hydra (9 damage)
             ... on level 2 of the Lair of Beasts.
             The game lasted 00:06:55 (15090 turns).

Flugkiller the Cleaver (Minotaur Fighter)          Turns: 15090, Time: 00:06:57

Health: -4/102     AC: 20    Str: 20    XL:     11   Next: 89%
Magic:  0/10       EV: 10    Int:  5    God:    Gozag
Gold:   588        SH:  0    Dex: 15    Spells: 10/10 levels left

rFire   . . .      SeeInvis .   A - +5 battleaxe
rCold   + + .      Faith    .   (shield currently unavailable)
rNeg    . . .      Spirit   +   i - +0 plate armour {rC+}
rPois   .          Reflect  .   (helmet restricted)
rElec   .          Harm     .   x - +0 cloak
rCorr   +          Rampage  .   y - +2 pair of gloves
Will    .....                   (no boots)
Stlth   ..........              d - amulet of guardian spirit
HPRegen 0.27/turn               c - ring of protection from cold
MPRegen 0.12/turn               k - ring of resist corrosion

@: no status effects
A: horns 2, retaliatory headbutt
a: Renounce Religion, Potion Petition, Call Merchant, Bribe Branch


You were on level 2 of the Lair of Beasts.
You worshipped Gozag.
Gozag was pleased with you.
You visited 3 branches of the dungeon, and saw 15 of its levels.

You collected 1820 gold pieces.
You spent 97 gold pieces at shops.
You paid 1135 gold pieces to Gozag.

Inventory:

Hand Weapons
 s - a +0 broad axe
   (You found it on level 1 of the Dungeon)
 A - a +5 battleaxe (weapon)
   (You took it off a wight on level 9 of the Dungeon)
Missiles
 j - 2 throwing nets (quivered)
Armour
 i - a +0 plate armour of cold resistance (worn)
   (You found it on level 6 of the Dungeon)
 n - a +0 buckler
 x - a +0 cloak (worn)
   (You found it on level 8 of the Dungeon)
 y - a +2 pair of gloves (worn)
   (You found it on level 8 of the Dungeon)
Jewellery
 c - a ring of protection from cold (left hand)
   (You found it on level 6 of the Dungeon)
 d - an amulet of guardian spirit (around neck)
   (You found it on level 4 of the Dungeon)
 k - a ring of resist corrosion (right hand)
   (You found it on level 1 of the Lair of Beasts)
 p - a ring of flight
   (You found it on level 2 of the Lair of Beasts)
Wands
 b - a wand of roots (6)
   (You found it on level 2 of the Lair of Beasts)
 g - a wand of digging (9)
   (You found it on level 6 of the Dungeon)
 B - a wand of quicksilver (8)
   (You found it on level 2 of the Lair of Beasts)
 C - a wand of mindburst (10)
   (You found it on level 2 of the Lair of Beasts)
Scrolls
 l - a scroll of magic mapping
 m - 2 scrolls of enchant armour
 o - a scroll of vulnerability
 r - 2 scrolls of identify
 t - 4 scrolls of teleportation
 v - a scroll of enchant weapon
 w - a scroll of immolation
 z - a scroll of blinking
Potions
 a - a potion of heal wounds {unknown}
 e - a potion of magic
 f - 3 potions of lignification
 h - a potion of haste
 q - 4 potions of curing
 u - 3 potions of cancellation
 E - a potion of mutation {unknown}
Miscellaneous
 F - a condenser vane
   (You found it on level 2 of the Lair of Beasts)


   Skills:
 + Level 11.1 Fighting
 * Level 14.7 Axes
 + Level 11.1 Armour
 + Level 9.3 Dodging
 - Level 3.6 Shields


You had 10 spell levels left.
You didn't know any spells.
Your spell library was empty.

Dungeon Overview and Level Annotations

Branches:
Dungeon (12/15)            Temple (1/1) D:6            Lair (2/5) D:8
 Spider (0/4) Lair:2          Orc (0/2) D:9
  Swamp: Lair:2-3    Shoals: Lair:2-3

Altars:
Ashenzari
Cheibriados
Dithmenos
Elyvilon
Fedhas
Gozag
Hepliaklqana
Kikubaaqudgha
Makhleb
Nemelex Xobeh
Okawaru
Qazlal
Ru
Sif Muna
Trog
Uskayaw
Vehumet
Wu Jian
Xom
Yredelemnul
Zin
The Shining One

Shops:
D:9 [[[?   Lair:2 =

Annotations:
D:5 2 transporters


Innate Abilities, Weirdness & Mutations

You have a pair of horns on your head.
You reflexively headbutt those who attack you in melee.


Message History

You struggle to detach yourself from the web.
You struggle to detach yourself from the web.
You disentangle yourself.
There is a stone staircase leading up here.
A six-headed hydra comes into view.
The six-headed hydra roars!
A six-headed hydra is nearby!
A six-headed hydra is nearby!
A six-headed hydra is nearby!
A six-headed hydra is nearby!
The six-headed hydra attacks as you move away!
The six-headed hydra bites you but does no damage. x2
The six-headed hydra bites you!
The six-headed hydra bites you but does no damage. x3
It was a potion of magic.
Magic courses through your body.
The six-headed hydra bites you but does no damage.
The six-headed hydra closely misses you.
The six-headed hydra bites you.
The six-headed hydra bites you but does no damage.
The six-headed hydra bites you! The six-headed hydra barely misses you.
You chop one of the six-headed hydra's heads off!
The five-headed hydra grows two more!
You slice the seven-headed hydra!!
The seven-headed hydra is moderately wounded.
The seven-headed hydra bites you.
The seven-headed hydra bites you but does no damage. x2
The seven-headed hydra barely misses you.
The seven-headed hydra bites you but does no damage. x3
You barely miss the seven-headed hydra.
The seven-headed hydra is moderately wounded.
The seven-headed hydra completely misses you.
The seven-headed hydra bites you but does no damage.
The seven-headed hydra bites you. x2
The seven-headed hydra bites you but does no damage.
The seven-headed hydra misses you.
The seven-headed hydra bites you but does no damage.
You chop one of the seven-headed hydra's heads off!
The six-headed hydra grows two more!
You slash the eight-headed hydra!
The eight-headed hydra is lightly wounded.
The eight-headed hydra bites you. x2
The eight-headed hydra bites you but does no damage.
The eight-headed hydra bites you. x3
The eight-headed hydra bites you but does no damage.
The eight-headed hydra closely misses you.
You lop one of the eight-headed hydra's heads off!
The seven-headed hydra grows two more!
You slice the nine-headed hydra!!
The nine-headed hydra is moderately wounded.
The nine-headed hydra barely misses you.
You furiously retaliate!
You headbutt the nine-headed hydra!
The nine-headed hydra bites you but does no damage. x2
The nine-headed hydra bites you!
The nine-headed hydra bites you but does no damage. x2
The nine-headed hydra bites you. The nine-headed hydra misses you.
The nine-headed hydra bites you but does no damage.
You barely miss the nine-headed hydra.
The nine-headed hydra is heavily wounded.
The nine-headed hydra closely misses you.
The nine-headed hydra bites you but does no damage. x2
The nine-headed hydra bites you. The nine-headed hydra misses you.
The nine-headed hydra bites you!
The nine-headed hydra bites you but does no damage.
The nine-headed hydra closely misses you. x2
You chop one of the nine-headed hydra's heads off!
The eight-headed hydra grows two more!
You slice the ten-headed hydra!! You headbutt the ten-headed hydra.
The ten-headed hydra is severely wounded.
The ten-headed hydra bites you.
The ten-headed hydra bites you but does no damage. x6
The ten-headed hydra barely misses you.
The ten-headed hydra completely misses you.
The ten-headed hydra bites you.
You chop one of the ten-headed hydra's heads off!
The nine-headed hydra grows two more!
You slice the 11-headed hydra!!
The 11-headed hydra is severely wounded.
The 11-headed hydra bites you.
* * * LOW HITPOINT WARNING * * *
The 11-headed hydra bites you.
* * * LOW HITPOINT WARNING * * *
The 11-headed hydra bites you but does no damage. x2
The 11-headed hydra bites you.
* * * LOW HITPOINT WARNING * * *
The 11-headed hydra closely misses you. The 11-headed hydra bites you!
* * * LOW HITPOINT WARNING * * *
The 11-headed hydra bites you but does no damage.
The 11-headed hydra closely misses you. The 11-headed hydra barely misses you.
The 11-headed hydra bites you but does no damage.
You hack one of the 11-headed hydra's heads off!
The ten-headed hydra grows two more!
You slash the 12-headed hydra!
The 12-headed hydra is severely wounded.
The 12-headed hydra bites you.
* * * LOW HITPOINT WARNING * * *
The 12-headed hydra barely misses you. The 12-headed hydra bites you.
* * * LOW HITPOINT WARNING * * *
The 12-headed hydra barely misses you. The 12-headed hydra closely misses you.
The 12-headed hydra bites you but does no damage. x2
The 12-headed hydra bites you.
* * * LOW HITPOINT WARNING * * *
The 12-headed hydra bites you but does no damage. x2
The 12-headed hydra bites you!
You die...
Your body crumbles into a pile of gold.

.##...##.#..P..##P.PP..........#.
####..####.....#######.........##
#....# ###P..# ## #.......
##..#######..##.####.......
###....##.##...#.#...#......
....................... ...
.......................
#####P..##.###P...###. ##..####
###@..# #..# #D.## #..# #..# #..#
...# ##..# ##..# # #...## ...# #
####...#######...
###.##...#.#.#....#
#..................


You could see a 12-headed hydra.

Vanquished Creatures
  A wolf spider (Lair:2)
  A black mamba (Lair:2)
  A gargoyle (D:10)
  3 cane toads
  An unseen horror (D:10)
  A rime drake (Lair:2)
  A komodo dragon (D:10)
  Grinder (D:5)
  2 hornets
  7 blink frogs (Lair:2)
  A wraith (D:11)
  4 wyverns
  15 yaks
  3 vampire mosquitoes (Lair:1)
  2 steam dragons (D:10)
  4 redbacks (Lair:2)
  Menkaure (D:7)
  Duvessa (D:4)
  3 acid dragons
  8 water moccasins
  4 orc warriors
  5 sky beasts
  An ice beast (D:5)
  A black bear (D:7)
  5 wolves (Lair:2)
  6 centaurs
  Blork the orc (D:5)
  5 bullfrogs
  3 scorpions
  14 wights
  Dowan (D:4)
  12 killer bees
  2 howler monkeys (D:6)
  2 electric eels (Lair:2)
  5 hounds
  3 orc priests
  7 iguanas
  6 orc wizards
  8 adders
  A shadow imp (D:6)
  3 white imps
  2 ufetubi (D:5)
  3 worms
  3 dart slugs (D:1)
  16 orcs
  6 ball pythons
  5 endoplasms
  4 giant cockroaches
  9 goblins
  5 hobgoblins
  6 jackals (D:1)
  4 quokkas
  3 bats
  3 frilled lizards
  A kobold (D:1)
  6 rats
232 creatures vanquished.

Vanquished Creatures (others)
  13 fungi
  37 plants
50 creatures vanquished.

Grand Total: 282 creatures vanquished

Notes
Turn   | Place    | Note
-------+----------+-------------------------------------------
     0 | D:1      | Flugkiller the Minotaur Fighter began the quest for the
                  | Orb.
     0 | D:1      | Reached XP level 1. HP: 19/19 MP: 0/0
   154 | D:1      | Found a faded altar of an unknown god.
   206 | D:1      | Reached skill level 3 in Axes
   206 | D:1      | Reached XP level 2. HP: 27/27 MP: 1/1
   714 | D:1      | Reached XP level 3. HP: 32/33 MP: 2/2
  1228 | D:2      | You fall into a shaft and drop 2 floors!
  1549 | D:2      | Reached skill level 4 in Axes
  1549 | D:2      | Reached XP level 4. HP: 37/41 MP: 3/3
  2348 | D:3      | Reached skill level 1 in Dodging
  2787 | D:4      | Reached XP level 5. HP: 47/47 MP: 4/4
  2845 | D:4      | Noticed Duvessa
  2845 | D:4      | Noticed Dowan
  2859 | D:4      | Killed Duvessa
  2860 | D:4      | Reached skill level 5 in Axes
  2862 | D:4      | Killed Dowan
  2863 | D:4      | Reached skill level 5 in Fighting
  2863 | D:4      | Reached XP level 6. HP: 4/56 MP: 5/5
  3153 | D:4      | Found a blossoming altar of Fedhas.
  3378 | D:4      | Reached skill level 5 in Armour
  3595 | D:4      | Found a burning altar of Makhleb.
  3850 | D:5      | Entered Level 5 of the Dungeon
  3938 | D:5      | Reached skill level 6 in Axes
  3981 | D:5      | Noticed Blork the orc
  3987 | D:5      | Killed Blork the orc
  3988 | D:5      | Reached XP level 7. HP: 55/61 MP: 6/6
  4374 | D:5      | Identified the +7 hand axe "Avviunun" {flame, Dex+7}
  4452 | D:5      | Noticed Grinder
  4472 | D:5      | Paralysed by Grinder for 5 turns
  4477 | D:5      | Killed Grinder
  4478 | D:5      | Reached skill level 7 in Axes
  4644 | D:5      | Found a transporter.
  4645 | D:5      | Found a hide-covered altar of Uskayaw.
  4647 | D:5      | Found a glowing golden altar of the Shining One.
  4647 | D:5      | Noticed a yak
  4648 | D:5      | Found a shimmering altar of Xom.
  4669 | D:5      | Found a transporter.
  4756 | D:5      | Reached XP level 8. HP: 45/70 MP: 4/7
  5152 | D:6      | Found a broken altar of Ashenzari.
  5279 | D:6      | Reached skill level 8 in Axes
  5467 | D:6      | Found a staircase to the Ecumenical Temple.
  5608 | Temple   | Entered the Ecumenical Temple
  5675 | Temple   | Became a worshipper of Gozag Ym Sagoz the Greedy
  6352 | D:7      | Reached skill level 9 in Axes
  6352 | D:7      | Reached skill level 5 in Dodging
  6611 | D:7      | Reached XP level 9. HP: 70/79 MP: 6/8
  7201 | D:7      | Noticed Menkaure
  7215 | D:7      | Killed Menkaure
  7216 | D:7      | Reached skill level 10 in Axes
  8422 | D:8      | Found a staircase to the Lair.
  8440 | D:8      | Reached skill level 11 in Axes
  8453 | D:8      | Reached XP level 10. HP: 32/90 MP: 1/9
  8491 | D:7      | HP: 4/90 [poisoned by a water moccasin]
  9028 | D:8      | Found an iron altar of Okawaru.
  9362 | D:9      | Found Meleikan's Armour Emporium.
  9434 | D:9      | Found a staircase to the Orcish Mines.
  9449 | D:9      | Found Qugeoqi's Magic Scroll Shoppe.
  9458 | D:9      | Bought a scroll of magic mapping for 97 gold pieces
  9533 | D:9      | Found a white marble altar of Elyvilon.
  9548 | D:9      | Reached skill level 12 in Axes
  9638 | D:9      | Found Toppoll's Armour Shop.
  9755 | D:9      | Found Tirratuh's Armour Shop.
 10629 | D:10     | Entered Level 10 of the Dungeon
 11052 | D:10     | Found a shimmering blue altar of Sif Muna.
 11470 | D:10     | Reached skill level 13 in Axes
 11527 | D:10     | Reached XP level 11. HP: 65/99 MP: 8/10
 12088 | D:11     | Reached skill level 10 in Fighting
 12369 | D:10     | Reached skill level 10 in Armour
 13120 | Lair:1   | Entered Level 1 of the Lair of Beasts
 13284 | Lair:1   | Noticed an eight-headed hydra
 13302 | Lair:1   | HP: 5/101 [vampire mosquito (4)]
 13812 | Lair:2   | Reached skill level 14 in Axes
 14931 | Lair:2   | Found a hole to the Spider Nest.
 14931 | Lair:2   | Noticed a wolf spider
 14941 | Lair:2   | Killed a wolf spider
 15078 | Lair:2   | Noticed a six-headed hydra
 15090 | Lair:2   | HP: 5/102 [12-headed hydra (6)]
 15090 | Lair:2   | Slain by a 12-headed hydra

Illustrated notes

Levels and vault maps discovered:
D:1:      lemuel_arrival_river_bridge, layout_basic,
          shapermc_ecumenical_altar_notcrosses, serial_corexii_hall,
          chequers_hall_statues_y, chequers_hall_statues_y
D:2:      layout_basic, serial_aquarium, aquarium_bridge_long_separate
          [aquarium_subvault_window, aquarium_subvault_bridge,
          aquarium_subvault_wall, aquarium_subvault_balcony,
          aquarium_subvault_wall, aquarium_subvault_bridge],
          aquarium_window_corridor_2, aquarium_window_2, aquarium_window_fake,
          aquarium_window_1, aquarium_view_2c, aquarium_view_2d,
          aquarium_pool_corner
D:3:      layout_loops_cross, due_unseen_surprise
D:4:      layout_loops_ring, mainiacjoe_overflow_alcove_1,
          mainiacjoe_overflow_24_doors, uniq_duvessa
D:5:      layout_basic, gammafunk_temple_overflow_arena,
          amcnicky_mini_pool_small, uniq_grinder, uniq_blork_the_orc
D:6:      layout_loops_ring, ashenzari_conservatory_becter,
          lemuel_temple_firewalk_b
D:7:      layout_cave_pods, minivault_4, grunt_ministairs_14, uniq_menkaure
D:8:      layout_basic, kennysheep_mini_moat, minmay_lair_entry_grove,
          serial_corexii_hall, corexii_hall_statues_l, corexii_hall_statues_l,
          corexii_hall_statues_i, corexii_hall_statues_deadend,
          minmay_hedge_maze, minmay_liquid_box
D:9:      layout_basic, elyvilon_altar_1, orc_0_dummy, serial_shops,
          nicolae_stop_n_shop_2, nicolae_take_the_stairs, shop,
          nicolae_shop_stone
D:10:     layout_roguey, kennysheep_mini, hangedman_decor_points,
          hangedman_misty_isle
D:11:     kennysheep_six_static_rooms, layout_cross, serial_park,
          serial_park_avenue1, serial_park_tiny_2, serial_park_tiny_1,
          serial_park_square1 [serial_park_minivault_5x5_1]
D:12:     layout_long_grid, gammafunk_ghost_arena, portal_ice_cave_entry_imps,
          uniq_nergalle
Temple:   nicolae_temple_ecumenical_triangle
Lair:1:   gammafunk_indiana_jones, layout_gridlike, columned_hall_lemuel, pond
Lair:2:   layout_small_grid, spider_nest_entry_funnel_web, serial_bayou_lake_a

Skill      XL: |  1  2  3  4  5  6  7  8  9 10 11 |
---------------+----------------------------------+-----
Axes           | 3 4 5 6 7 9 11 13 14 | 14.7
Fighting       | 4 5 6 7 8 9 11 | 11.1
Armour         | 4 5 6 7 8 9 11 | 11.1
Dodging        | 1 2 3 5 6 8 9 |  9.3
Shields        | |  3.6

Action                   |  1- 3 |  4- 6 |  7- 9 | 10-12 || total
-------------------------+-------+-------+-------+-------++-------
Melee: Broad axe         |    96 |    96 |   204 |   103 ||   499
       Headbutt          |    14 |    13 |    34 |    57 ||   118
       Battleaxe         |       |       |       |   222 ||   222
Invok: Potion Petition   |       |       |     1 |     1 ||     2
       Call Merchant     |       |       |       |     1 ||     1
  Use: Scroll            |     1 |       |     9 |     8 ||    18
       Potion            |       |     1 |     5 |     2 ||     8
 Stab: Distracted        |       |       |     1 |     4 ||     5
Armor: Scale mail        |    47 |    32 |    22 |       ||   101
       Plate armour      |       |       |    80 |   338 ||   418
       Skin              |       |       |    13 |     4 ||    17
Dodge: Dodged            |    58 |    63 |    81 |   187 ||   389
Block: Buckler           |    18 |    17 |    46 |    20 ||   101
